 Dungeon Crawl Stone Soup version 0.30-a0-283-gf371ce1921 (console) character file.

Game seed: 1688542973535133467

426 Ignak the Magician (level 6, -4/44 HPs)
             Began as a Gnoll Hedge Wizard on Oct 17, 2022.
             Was an Initiate of Sif Muna.
             Slain by a killer bee (5 damage)
             ... on level 6 of the Dungeon.
             The game lasted 00:09:18 (2834 turns).

Ignak the Magician (Gnoll Hedge Wizard)             Turns: 2834, Time: 00:09:18

Health: -4/44      AC:  6    Str:  9    XL:     6   Next: 97%
Magic:  16/18      EV: 12    Int: 15    God:    Sif Muna [......]
Gold:   181        SH:  0    Dex: 10    Spells: 8/20 levels left

rFire   . . .      SeeInvis .    b - +2 dagger (drain)
rCold   . . .      Faith    .    (no shield)
rNeg    . . .      Spirit   .    n - +3 leather armour
rPois   +          Reflect  .    c - +0 hat
rElec   .          Harm     .    l - scarf {shadows}
rCorr   .          Rampage  .    (no gloves)
Will    .....                    (no boots)
Stlth   ++........               (no amulet)
HPRegen 0.27/turn                p - ring of poison resistance
MPRegen 0.16/turn                (no ring)

@: very slightly contaminated
A: fangs 1, strong nose, distributed training, clumsy 1, high MP 1
a: Renounce Religion


You were on level 6 of the Dungeon.
You worshipped Sif Muna.
Sif Muna was noncommittal.
You visited 1 branch of the dungeon, and saw 4 of its levels.

You collected 181 gold pieces.

Inventory:

Hand Weapons
 a - a +1 dagger of pain
 b - a +2 dagger of draining (weapon)
Missiles
 f - 6 poisoned darts (quivered)
Armour
 c - a +0 hat (worn)
 g - a +0 cloak
 l - a scarf of shadows (worn)
 n - a +3 leather armour (worn)
 o - a +0 robe
Jewellery
 p - a ring of poison resistance (left hand)
Scrolls
 q - a scroll of blinking
Potions
 e - a potion of flight
 m - a potion of curing


   Skills:
 + Level 2.2 Fighting
 + Level 2.2 Short Blades
 + Level 2.2 Long Blades
 + Level 2.2 Axes
 + Level 2.2 Maces & Flails
 + Level 2.2 Polearms
 + Level 2.2 Staves
 + Level 2.2 Ranged Weapons
 + Level 2.2 Throwing
 + Level 2.2 Armour
 + Level 5.1 Dodging
 + Level 4.8 Stealth
 + Level 2.2 Shields
 + Level 2.2 Unarmed Combat
 + Level 7.5 Spellcasting
 + Level 2.8 Conjurations
 + Level 1.8 Hexes
 + Level 2.8 Summonings
 + Level 1.8 Necromancy
 + Level 2.8 Translocations
 + Level 1.8 Transmutations
 + Level 1.8 Fire Magic
 + Level 1.8 Ice Magic
 + Level 1.8 Air Magic
 + Level 1.8 Earth Magic
 + Level 1.8 Poison Magic
 + Level 2.5 Invocations
 + Level 2.2 Evocations


You had 8 spell levels left.
You knew the following spells:

 Your Spells              Type           Power      Damage    Failure   Level
a - Magic Dart            Conj           56%        1d5       5%          1
b - Blink                 Tloc           28%        N/A       8%          2
c - Slow                  Hex            44%        N/A       9%          1
d - Mephitic Cloud        Conj/Pois/Air  12%        N/A       22%         3
e - Call Imp              Summ           14%        N/A       8%          2
f - Stone Arrow           Conj/Erth      24%        3d8       21%         3

Your spell library contained the following spells:

 Spells                   Type           Power      Damage    Failure   Level
 Cigotuvi's Dreadful Rot  Necr/Pois/Air  22%        N/A       12%         2
 Animate Armour           Summ/Erth      24%        N/A       54%         4
 Lehudib's Crystal Spear  Conj/Erth      6%         10d3      100%        8


Dungeon Overview and Level Annotations

Branches:
Dungeon (3/15)

Altars:
Ru
Sif Muna
Vehumet


Innate Abilities, Weirdness & Mutations

You have very sharp teeth.
Your uncanny sense of smell can sniff out nearby items.
Your experience applies equally to all skills.
You are clumsy. (Dex -2)
You have an increased reservoir of magic. (+10% MP)


Message History

The killer bee appears confused.
The killer bee closely misses the killer bee.
The killer bee is engulfed in noxious fumes.
The killer bee appears confused.
Cornered, the killer bee turns to fight!
You hit the killer bee.
Your attack snaps the killer bee out of its fear.
The killer bee is severely wounded.
You feel sick.
Press: ? - help, v - describe, . - travel, g - get item
Here: a killer bee
Items here: a +0 short sword; a kobold corpse.
The floor, spattered with blood.
Casting: Mephitic Cloud (quite dangerous; 22% risk of failure)
Confirm with . or Enter, or press ? or * to list all spells.
The spell is quite dangerous to miscast (22% risk of failure)!
Continue anyway?
Aiming: Mephitic Cloud (quite dangerous; 22% risk of failure)
Press: ? - help, Shift-Dir - straight line You miscast Mephitic Cloud.
You feel incredibly sick. You resist.
* * * LOW HITPOINT WARNING * * *
You feel sick.
You are no longer poisoned.
The killer bee barely misses you. The killer bee misses you.
Okay, then.
Okay, then.
Magic courses through your body.
The killer bee stings you but does no damage. x2
Casting: Mephitic Cloud (quite dangerous; 22% risk of failure)
Confirm with . or Enter, or press ? or * to list all spells.
The spell is quite dangerous to miscast (22% risk of failure)!
Continue anyway?
Aiming: Mephitic Cloud (quite dangerous; 22% risk of failure)
Press: ? - help, Shift-Dir - straight line You miscast Mephitic Cloud.
You feel rather nauseous for a moment. You resist.
* * * LOW HITPOINT WARNING * * *
The killer bee stings you.
* * * LOW HITPOINT WARNING * * *
The kobold throws a stone.
The stone closely misses you.
The stone completely misses the killer bee.
The killer bee stings you.
You die...

###.......#5.#.##.##.#
#≈###n.......#.......#
≈≈≈≈##.#.###.####.####
≈≈≈≈≈##......# ##K##
...≈≈≈#....### #...#
###~~≈###..# #...#
..##8.8.8..#####...####
...'.)..[..##.........#
..##8.8)8..##...@.....#
###~~≈#######y.y......#
...≈≈≈### ##.#...####
≈≈≈≈≈##..#####.#...#
≈≈≈≈##...yy†...#...#
#≈####...###########
...... ...#.. .. ...


You could see 2 killer bees and a kobold.

Vanquished Creatures
  An orc warrior (D:6)
  A kobold brigand (D:6)
  A killer bee (D:6)
  3 orc wizards (D:6)
  5 bats
  6 endoplasms
  3 giant cockroaches
  A goblin (D:2)
  2 hobgoblins
  A jackal (D:3)
  4 quokkas
  7 ball pythons
  2 frilled lizards
  5 kobolds
  7 rats
49 creatures vanquished.

Vanquished Creatures (collateral kills)
  A killer bee (D:6)
  An orc wizard (D:6)
  An adder (D:2)
  A worm (D:2)
  3 ball pythons (D:1)
  2 bats
  3 endoplasms
  A hobgoblin (D:1)
  3 jackals
  A quokka (D:2)
17 creatures vanquished.

Grand Total: 66 creatures vanquished

Notes
Turn   | Place    | Note
-------+----------+-------------------------------------------
     0 | D:1      | Ignak the Gnoll Hedge Wizard began the quest for the Orb.
     0 | D:1      | Reached XP level 1. HP: 13/13 MP: 8/8
   139 | D:1      | Reached XP level 2. HP: 6/19 MP: 2/10
   196 | D:1      | Learned a level 2 spell: Blink
   199 | D:1      | Learned a level 2 spell: Call Imp
   201 | D:1      | Learned a level 1 spell: Slow
   651 | D:1      | Reached XP level 3. HP: 24/25 MP: 6/11
   655 | D:1      | Learned a level 3 spell: Mephitic Cloud
   659 | D:1      | Learned a level 3 spell: Stone Arrow
  1092 | D:2      | Reached skill level 1 in Invocations
  1369 | D:2      | Reached skill level 1 in Fighting
  1369 | D:2      | Reached skill level 1 in Short Blades
  1369 | D:2      | Reached skill level 1 in Long Blades
  1369 | D:2      | Reached skill level 1 in Axes
  1369 | D:2      | Reached skill level 1 in Maces & Flails
  1369 | D:2      | Reached skill level 1 in Polearms
  1369 | D:2      | Reached skill level 1 in Staves
  1369 | D:2      | Reached skill level 1 in Ranged Weapons
  1369 | D:2      | Reached skill level 1 in Throwing
  1369 | D:2      | Reached skill level 1 in Armour
  1369 | D:2      | Reached skill level 1 in Shields
  1369 | D:2      | Reached skill level 1 in Unarmed Combat
  1369 | D:2      | Reached skill level 1 in Evocations
  1474 | D:2      | Reached XP level 4. HP: 31/32 MP: 10/13
  2159 | D:3      | Found a radiant altar of Vehumet.
  2225 | D:3      | Gained mutation: You have an increased reservoir of magic.
                  | (+10% MP) [potion of mutation]
  2225 | D:3      | Gained mutation: You are clumsy. (Dex -2) [potion of
                  | mutation]
  2384 | D:3      | Found a sacrificial altar of Ru.
  2436 | D:3      | You fall into a shaft and drop 3 floors!
  2474 | D:6      | Noticed an orc warrior
  2490 | D:6      | Reached skill level 1 in Hexes
  2490 | D:6      | Reached skill level 1 in Necromancy
  2490 | D:6      | Reached skill level 1 in Transmutations
  2490 | D:6      | Reached skill level 1 in Fire Magic
  2490 | D:6      | Reached skill level 1 in Ice Magic
  2490 | D:6      | Reached skill level 1 in Air Magic
  2490 | D:6      | Reached skill level 1 in Earth Magic
  2490 | D:6      | Reached skill level 1 in Poison Magic
  2506 | D:6      | Killed an orc warrior
  2507 | D:6      | Reached XP level 5. HP: 30/38 MP: 5/16
  2522 | D:6      | Reached XP level 6. HP: 30/44 MP: 1/18
  2557 | D:6      | Reached skill level 5 in Dodging
  2678 | D:6      | Found a shimmering blue altar of Sif Muna.
  2687 | D:6      | Became a worshipper of Sif Muna the Loreminder
  2834 | D:6      | HP: 1/44 [killer bee (5)]
  2834 | D:6      | Slain by a killer bee

Illustrated notes

Levels and vault maps discovered:
D:1:      noname_arrival_rooms_in_the_neighbourhood, layout_basic,
          patterned_corridor
D:2:      layout_loops_ring
D:3:      layout_loops_corners, general_overflow_altar, vehumet_crystals
D:6:      layout_loops_cross, kennysheep_orc_sif_temple,
          minmay_temple_entry_ruins, uniq_crazy_yiuf_cottage, uniq_blork_the_orc

Skill      XL: |  1  2  3  4  5  6 |
---------------+-------------------+-----
Conjurations   | 2 |  2.8
Summonings     | 2 |  2.8
Translocations | 2 |  2.8
Invocations    | 1 2 |  2.5
Fighting       | 1 2 |  2.2
Short Blades   | 1 2 |  2.2
Long Blades    | 1 2 |  2.2
Axes           | 1 2 |  2.2
Maces & Flails | 1 2 |  2.2
Polearms       | 1 2 |  2.2
Staves         | 1 2 |  2.2
Ranged Weapons | 1 2 |  2.2
Throwing       | 1 2 |  2.2
Armour         | 1 2 |  2.2
Shields        | 1 2 |  2.2
Unarmed Combat | 1 2 |  2.2
Evocations     | 1 2 |  2.2
Hexes          | 1 |  1.8
Necromancy     | 1 |  1.8
Transmutations | 1 |  1.8
Fire Magic     | 1 |  1.8
Ice Magic      | 1 |  1.8
Air Magic      | 1 |  1.8
Earth Magic    | 1 |  1.8
Poison Magic   | 1 |  1.8
Dodging        | 5 |  5.1
Stealth        | |  4.8
Spellcasting   | |  7.5

Action                   |  1- 3 |  4- 6 || total
-------------------------+-------+-------++-------
Melee: Dagger            |    35 |    65 ||   100
       Bite              |    13 |     8 ||    21
       Short sword       |    60 |       ||    60
       Punch             |     2 |       ||     2
Throw: Dart              |       |     1 ||     1
 Cast: Magic Dart        |    17 |       ||    17
       Call Imp          |    13 |    10 ||    23
       Slow              |     3 |       ||     3
       Blink             |     1 |       ||     1
       Mephitic Cloud    |       |     7 ||     7
  Use: Potion            |       |     9 ||     9
       Scroll            |       |     6 ||     6
 Stab: Sleeping          |     7 |     3 ||    10
       Confused          |       |     1 ||     1
Armor: Robe              |    15 |       ||    15
       Leather armour    |    16 |    28 ||    44
Dodge: Dodged            |    76 |    49 ||   125

Table legend: (Time is in decaauts)
 A = Elapsed time spent in this place.
 B = Non-inter-level travel time spent in this place.
 C = Inter-level travel time spent in this place.
 D = Time resting spent in this place.
 E = Time spent auto-exploring this place.
 F = Levels seen in this place.
 G = Mean time per level.
                   A        B        C        D        E       F      G
               +--------+--------+--------+--------+--------+-----+--------+
         Total |   2833 |   2778 |     55 |    239 |   1659 |   4 |  708.2 |
       Dungeon |   2833 |   2778 |     55 |    239 |   1659 |   4 |  708.2 |
               +--------+--------+--------+--------+--------+-----+--------+

Top non-repeatable levels by time:
     D:1: 1071 daAuts
     D:2: 815 daAuts
     D:3: 549 daAuts
     D:6: 397 daAuts
